 Dungeon Crawl Stone Soup version 0.28.0-43-g3370ac3207 (webtiles) character file.

Game seed: 3987994536351075000

6544 terff the Covert (level 11, -19/72 HPs)
             Began as an Octopode Brigand on Mar 20, 2022.
             Was a Follower of Dithmenos.
             Demolished by an orc warlord
             ... wielding a +0 war axe
              (28 damage)
             ... in a bailey.
             The game lasted 00:44:15 (11329 turns).

terff the Covert (Octopode Brigand)                Turns: 11329, Time: 00:44:16

Health: -19/72     AC:  7    Str: 11      XL:     11   Next: 1%
Magic:  11/11      EV: 33    Int:  8 (12) God:    Dithmenos [*.....]
Gold:   571        SH:  0    Dex: 31 (35) Spells: 8/10 levels left

rFire   . . .      SeeInvis .   m - +2 long sword (elec)
rCold   . . .      Faith    .   (no shield)
rNeg    . . .      Spirit   .   s - +2 hat
rPois   +          Reflect  .   r - amulet of the acrobat
rElec   .          Harm     .   i - +6 ring of dexterity
rCorr   .          Rampage  .   o - +6 ring of dexterity
Will    .....                   t - +4 ring of protection
Stlth   ++++++++..              q - +6 ring of dexterity
HPRegen 0.22/turn               (no ring)
MPRegen 0.12/turn               (no ring)
                                (no ring)
                                (no ring)

@: acrobatic, wreathed by umbra
A: almost no armour, amphibious, 8 rings, camouflage 1, gelatinous body 1,
(nimble swimmer 1), tentacles, deterioration 2, dopey 1, poison resistance,
subdued magic 1
a: Renounce Religion


You were in a bailey.
You worshipped Dithmenos.
Dithmenos was aware of your devotion.
You visited 3 branches of the dungeon, and saw 12 of its levels.
You also visited: Ossuary and Bailey.

You collected 607 gold pieces.
You spent 36 gold pieces at shops.

Inventory:

Hand Weapons
 a - a +2 dagger
 d - a +2 dagger of venom
 f - a +3 trident of venom
 m - a +2 long sword of electrocution (weapon)
Missiles
 b - 16 poisoned darts (quivered)
 c - 2 curare-tipped darts
 k - 3 large rocks
Armour
 g - a +1 chain mail of poison resistance
 s - a +2 hat (worn)
Jewellery
 i - a +6 ring of dexterity (left tentacle)
 o - a +6 ring of dexterity (right tentacle)
 q - a +6 ring of dexterity (on tentacle)
 r - an amulet of the acrobat (around mantle)
 t - a +4 ring of protection (on tentacle)
Scrolls
 p - 2 scrolls of immolation
 v - 2 scrolls of fear
 x - 2 scrolls of teleportation
 y - 2 scrolls of identify
 A - 2 scrolls of holy word
 C - 2 scrolls of enchant armour
 D - a scroll of noise {unknown}
 F - a scroll of fog
Potions
 e - 2 potions of heal wounds
 h - 6 potions of curing
 j - 4 potions of flight
 l - 3 potions of berserk rage
 n - 2 potions of might
 u - a potion of magic {unknown}
 w - a potion of ambrosia {unknown}
 z - 2 potions of brilliance {unknown}
 B - a potion of haste {unknown}
 E - a potion of invisibility {unknown}
 G - a potion of mutation {unknown}
 H - a potion of resistance {unknown}


   Skills:
 + Level 5.9 Fighting
 - Level 2.4(8.2) Short Blades
 * Level 12.1(12.3) Long Blades
 + Level 2.0 Throwing
 + Level 5.0 Dodging
 + Level 12.1 Stealth


You had 8 spell levels left.
You knew the following spells:

 Your Spells              Type           Power      Damage    Failure   Level
a - Slow                  Hex            0%         N/A       36%         1
b - Apportation           Tloc           0%         N/A       36%         1

Your spell library contained the following spells:

 Spells                   Type           Power      Damage    Failure   Level
 Magic Dart               Conj           0%         1d3       36%         1
 Blink                    Tloc           0%         N/A       50%         2
 Corpse Rot               Necr/Air       0%         N/A       50%         2
 Poisonous Vapours        Pois/Air       0%         N/A       50%         2
 Searing Ray              Conj           0%         2d4       50%         2
 Conjure Flame            Conj/Fire      0%         6-21      75%         3
 Frozen Ramparts          Ice            0%         1d2       75%         3
 Ignite Poison            Fire/Tmut/Pois 0%         N/A       75%         3
 Inner Flame              Hex/Fire       0%         N/A       75%         3
 Tukima's Dance           Hex            0%         N/A       75%         3
 Fulminant Prism          Conj/Hex       0%         3d6       99%         4
 Ice Form                 Ice/Tmut       0%         N/A       99%         4
 Sticky Flame             Conj/Fire      0%         2d3       99%         4
 Summon Ice Beast         Ice/Summ       0%         N/A       99%         4
 Alistair's Intoxication  Tmut/Pois      0%         N/A       100%        5
 Manifold Assault         Tloc           0%         N/A       100%        5
 Summon Mana Viper        Hex/Summ       0%         N/A       100%        5
 Enfeeble                 Hex            0%         N/A       100%        7
 Storm Form               Tmut/Air       0%         N/A       100%        7


Dungeon Overview and Level Annotations

Branches:
Dungeon (9/15)             Temple (1/1) D:7            Lair (2/6) D:8
Ossuary (visited)          Bailey (1/1)
  Swamp: Lair:2-4    Shoals: Lair:2-4     Snake: Lair:2-4    Spider: Lair:2-4
    Orc: D:9-12

Altars:
Ashenzari
Cheibriados
Dithmenos
Elyvilon
Gozag
Hepliaklqana
Kikubaaqudgha
Makhleb
Nemelex Xobeh
Okawaru
Qazlal
Ru
Sif Muna
Trog
Uskayaw
Vehumet
Wu Jian
Xom
Yredelemnul
Zin
The Shining One

Shops:
D:6 !   D:8 :

Annotations:
Lair:1 1 transporter
Lair:2 Erica


Innate Abilities, Weirdness & Mutations

You cannot wear most types of armour.
You are amphibious.
You can wear up to eight rings at the same time.
Your skin changes colour to match your surroundings (Stealth+).
Your rubbery body absorbs attacks. (AC +1, EV +1)
((You are camouflaged when in or above water. (Stealth+)))
You have tentacles for arms and can constrict up to eight enemies at once.
Your body often deteriorates upon taking damage.
You are dopey. (Int -2)
Your system is resistant to poisons. (rPois)
Your spells are a little easier to cast, but a little less powerful.


Message History

You constrict the orc warlord, but do no damage.
You hit the orc warlord. You squeeze the orc warlord.
The orc warlord is moderately wounded.
You constrict the orc warlord, but do no damage.
The orc warlord splashes around in the water.
You slash the orc warlord!
The orc warlord is heavily wounded.
You constrict the orc warlord.
The orc warlord splashes around in the water.
You hit the orc warlord but do no damage.
The orc warlord is heavily wounded.
You constrict the orc warlord, but do no damage.
The orc warlord completely misses you.
You hit the orc warlord. You squeeze the orc warlord.
The orc warlord is heavily wounded.
You constrict the orc warlord.
The orc warlord hits you with a +0 war axe!!
Your body deteriorates!
You feel dopey.
You hit the orc warlord but do no damage.
The orc warlord is heavily wounded.
You constrict the orc warlord.
You hit the orc warlord but do no damage.
The orc warlord is severely wounded.
You constrict the orc warlord.
The orc warlord splashes around in the water.
The orc hits you with a +0 hand axe.
You hit the orc warlord but do no damage.
You tentacle-slap the orc warlord, but do no damage.
You squeeze the orc warlord, but do no damage.
The orc warlord is severely wounded.
You constrict the orc warlord.
The orc warlord hits you with a +0 war axe!!
* * * LOW HITPOINT WARNING * * *
Your body deteriorates!
You feel clumsy.
The orc splashes around in the water.
You release your grip on the orc warlord.
There is an open translucent gate here.
The orc warlord hits you with a +0 war axe!!
You die...
Xom cackles wildly!

8...##≈≈≈≈≈##.......##
.....#≈≈≈≈≈#...8..8..##
.....#≈≈≈≈≈#..........#
8....'.....'..........#
...#########......8...#
..##≈≈≈#≈≈≈####......##
..#≈:.....≈#≈≈#.....##
..#≈?........≈#....##
..##8.8...8.8≈##@..#
...#.........≈≈o...#
...#....∩....≈≈o...#
...#.........≈≈'...#
..##8.8...8.8≈##...#
..#≈?........≈#....##
..#≈).....≈#≈≈#.)...##
..##≈≈≈#≈≈≈####......##
...#########.....(8...#


You could see an orc warlord and an orc (strong).

Vanquished Creatures
  2 orc knights (Bailey)
  A gargoyle (D:8)
  3 cane toads
  2 komodo dragons
  4 water moccasins
  2 hornet zombies (D:6)
  A sky beast (D:6)
  An ice beast (D:8)
  2 orc warriors (Bailey)
  An ogre (D:6)
  5 wolves (Lair:1)
  3 necrophages
  A centaur (D:9)
  2 phantoms
  2 bullfrogs
  A kobold brigand (D:6)
  2 gnoll sergeants
  2 water moccasin zombies (D:6)
  4 scorpions
  A water moccasin skeleton (D:5)
  5 wights (D:9)
  3 howler monkeys (D:8)
  A centaur skeleton (D:3)
  A hound (D:5)
  A jelly (D:5)
  2 orc priests
  A gnoll shaman (D:6)
  A human zombie (Ossuary)
  4 bullfrog skeletons
  An iguana (D:4)
  4 orc wizards
  A killer bee zombie (D:5)
  A hound skeleton (D:5)
  4 mummies
  2 howler monkey zombies
  11 gnolls
  A howler monkey skeleton (D:6)
  5 adders
  A shadow imp (D:7)
  2 white imps
  An ufetubus (D:5)
  5 adder zombies (Ossuary)
  An adder skeleton (D:5)
  A worm (D:2)
  A dart slug (D:1)
  25 orcs
  9 ball pythons
  7 bats
  3 endoplasms
  2 giant cockroaches
  14 goblins
  8 hobgoblins
  5 quokkas
  3 frilled lizards
  2 goblin zombies (Ossuary)
  2 hobgoblin zombies (Ossuary)
  19 kobolds
  2 kobold zombies (Ossuary)
  2 orc zombies (Ossuary)
  2 quokka zombies (Ossuary)
  9 rats
  2 rat zombies (Ossuary)
219 creatures vanquished.

Vanquished Creatures (collateral kills)
  A bullfrog zombie (D:6)
  A bullfrog skeleton (D:6)
  A centaur skeleton (D:6)
  2 orcs (D:6)
  A kobold (D:6)
6 creatures vanquished.

Vanquished Creatures (others)
  7 fungi
  23 plants
30 creatures vanquished.

Grand Total: 255 creatures vanquished

Notes
Turn   | Place    | Note
-------+----------+-------------------------------------------
     0 | D:1      | terff the Octopode Brigand began the quest for the Orb.
     0 | D:1      | Reached XP level 1. HP: 14/14 MP: 1/1
   238 | D:1      | Reached XP level 2. HP: 12/19 MP: 2/2
   823 | D:1      | Reached XP level 3. HP: 24/24 MP: 3/3
  2004 | D:2      | Found a faded altar of an unknown god.
  2118 | D:2      | Reached XP level 4. HP: 29/29 MP: 4/4
  2514 | D:3      | Got the Volume of Curses
  2731 | D:3      | Reached XP level 5. HP: 32/35 MP: 5/5
  2909 | D:3      | Reached skill level 1 in Long Blades
  3493 | D:4      | Reached XP level 6. HP: 22/41 MP: 6/6
  3908 | D:4      | Found a shimmering altar of Xom.
  3908 | D:4      | Found an iron altar of Okawaru.
  3916 | D:4      | Found a burning altar of Makhleb.
  3924 | D:4      | Found a radiant altar of Vehumet.
  3926 | D:4      | Found a glowing silver altar of Zin.
  3948 | D:4      | Became a worshipper of Xom of Chaos
  3978 | D:4      | XOM: potion effect (curing)
  4291 | D:4      | Found a shimmering blue altar of Sif Muna.
  4584 | D:5      | Entered Level 5 of the Dungeon
  4660 | D:5      | Reached XP level 7. HP: 40/45 MP: 7/7
  4961 | D:5      | Reached skill level 5 in Long Blades
  5097 | D:5      | XOM: fog
  5131 | D:5      | Reached XP level 8. HP: 39/52 MP: 8/8
  5135 | D:5      | Found a sand-covered staircase.
  5142 | Ossuary  | Entered an ossuary
  5231 | Ossuary  | XOM: summons 3 hostile shadow creatures
  5240 | Ossuary  | XOM: summons 1 hostile demon
  5888 | D:5      | XOM: god gift: scroll labelled NAMA ECKIMM {god gift}
  6078 | D:5      | XOM: scenery: summon butterflies
  6251 | D:5      | XOM is BORED!
  6251 | D:5      | XOM: give mutation
  6251 | D:5      | Gained mutation: Your spells are a little easier to cast,
                  | but a little less powerful. [Xom's mischief]
  6365 | D:5      | XOM: summons 3 hostile demons
  6385 | D:6      | Found Leum's Distillery.
  6389 | D:6      | XOM: confuse monster(s)
  6421 | D:6      | Reached skill level 10 in Stealth
  6478 | D:6      | XOM: summons 4 friendly demons
  6702 | D:6      | Bought a potion of curing for 36 gold pieces
  6823 | D:6      | XOM: fog
  6863 | D:6      | Reached XP level 9. HP: 58/58 MP: 9/9
  6944 | D:6      | XOM: enchant monster (good)
  7752 | D:7      | Learned a level 1 spell: Slow
  7760 | D:7      | Learned a level 1 spell: Apportation
  7811 | D:7      | XOM: give mutations
  7811 | D:7      | Gained mutation: Your body sometimes deteriorates upon
                  | taking damage. [Xom's mischief]
  7811 | D:7      | Gained mutation: Your body often deteriorates upon taking
                  | damage. [Xom's mischief]
  7811 | D:7      | Gained mutation: You are dopey. (Int -2) [Xom's mischief]
  7811 | D:7      | Gained mutation: Your system is resistant to poisons.
                  | (rPois) [Xom's mischief]
  7991 | D:7      | XOM: noise
  8056 | D:7      | XOM: torment (30/58 hp)
  8224 | D:7      | Found a staircase to the Ecumenical Temple.
  8234 | Temple   | Entered the Ecumenical Temple
  8444 | D:8      | Found Wowy's Self-Improvement Boutique.
  8444 | D:8      | XOM: 1-stop teleportation journey
  8486 | D:8      | Found a shadowy altar of Dithmenos.
  8487 | D:8      | Found a hazy altar of Hepliaklqana.
  8490 | D:8      | Found a glowing golden altar of the Shining One.
  8493 | D:8      | Found an opulent altar of Gozag.
  8510 | D:8      | Fell from the grace of Xom
  8510 | D:8      | Became a worshipper of Dithmenos the Shadowed
  8524 | D:8      | Noticed a +0 dagger
  8524 | D:8      | Noticed a +0 dagger
  8527 | D:8      | Found a hide-covered altar of Uskayaw.
  8528 | D:8      | Noticed a gargoyle
  8554 | D:8      | Killed a gargoyle
  9081 | D:8      | Noticed a komodo dragon
  9086 | D:8      | Found a staircase to the Lair.
  9098 | D:8      | Killed a komodo dragon
  9099 | D:8      | Reached skill level 10 in Long Blades
  9321 | D:8      | Reached XP level 10. HP: 65/65 MP: 10/10
  9528 | Lair:1   | Entered Level 1 of the Lair of Beasts
  9532 | Lair:1   | Noticed a cane toad
  9545 | Lair:1   | Killed a cane toad
  9549 | Lair:1   | You fall into a shaft and drop 1 floor!
  9562 | Lair:2   | Noticed a cane toad
  9571 | Lair:2   | Killed a cane toad
  9602 | Lair:2   | Noticed Erica
  9686 | Lair:1   | Reached skill level 5 in Fighting
  9691 | Lair:1   | Noticed a cane toad
  9703 | Lair:1   | Killed a cane toad
 10105 | Lair:1   | Found a transporter.
 10105 | Lair:1   | Noticed a cane toad
 10275 | Lair:1   | Noticed a black mamba
 10663 | D:9      | Found a snail-covered altar of Cheibriados.
 10675 | D:9      | XOM: destruction
 10814 | D:9      | Found a flagged portal.
 10861 | Bailey   | Entered a bailey
 10880 | Bailey   | Noticed an orc warlord
 10892 | Bailey   | Reached * piety under Dithmenos
 10897 | Bailey   | XOM: summons 8 hostile demons
 10967 | Bailey   | Noticed an orc knight
 10971 | Bailey   | Found a runed translucent gate.
 10971 | Bailey   | Found a runed translucent gate.
 10977 | Bailey   | Noticed an orc knight
 10982 | Bailey   | Killed an orc knight
 10992 | Bailey   | Killed an orc knight
 10996 | Bailey   | Found a runed translucent gate.
 11078 | Bailey   | Reached skill level 5 in Dodging
 11078 | Bailey   | Reached XP level 11. HP: 24/72 MP: 11/11
 11329 | Bailey   | Demolished by an orc warlord

Illustrated notes

Levels and vault maps discovered:
D:1:      kennysheep_arrival_seaside, layout_loops_corners
D:2:      layout_loops_ring, shapermc_ecumenical_altar_ellora,
          minmay_pentomino_z4
D:3:      cheibrodos_old_hovel, layout_loops_ring
D:4:      layout_loops_ring, chequers_temple_overflow_minitemple,
          lemuel_blue_sif_altar
D:5:      minmay_spotlight, layout_cave_pods, gup_ossuary_entry_pyramid,
          st_stairs_2
D:6:      layout_cave_pools, serial_undead, serial_undead_a, serial_undead_d,
          serial_undead_c, serial_undead_e, serial_shops,
          nicolae_shop_temple_entry_statues_fountains
D:7:      layout_gridville, minmay_temple_entry_poolview
D:8:      layout_basic, dancing_weapons_uskayaw,
          chequers_temple_overflow_statue_of_worship, david_lair_shrubbed,
          nicolae_shop_self_help
D:9:      layout_roguey, amcnicky_altar_gilded, enter_bailey_5,
          gammafunk_ghost_spectres, item_on_display_a
Temple:   dpeg_three_leaves_temple
Lair:1:   layout_chaotic_city, nzn_ghost_randoct, infiniplex_staircase_pool,
          lemuel_fruit_fields
Lair:2:   layout_small_grid, basic_altar, uniq_erica
Bailey:   bailey_axe_bossmonster_kennysheep, bailey

Skill      XL: |  1  2  3  4  5  6  7  8  9 10 |
---------------+-------------------------------+-----
Stealth        | 6 7 8 9 10 11 12 | 12.1
Long Blades    | 2 4 5 7 10 12 | 12.1
Dodging        | 2 3 5 |  5.0
Fighting       | 3 4 5 |  5.9
Short Blades   | |  2.4
Throwing       | |  2.0

Action                   |  1- 3 |  4- 6 |  7- 9 | 10-12 || total
-------------------------+-------+-------+-------+-------++-------
Melee: Dagger            |    64 |    17 |       |       ||    81
       Constrict         |    14 |    15 |    59 |    41 ||   129
       Tentacles         |    11 |    24 |    50 |    47 ||   132
       Long sword        |       |    57 |   228 |   163 ||   448
       Punch             |       |     1 |     6 |     3 ||    10
  Use: Scroll            |     5 |     2 |    11 |     2 ||    20
       Potion            |       |       |     3 |       ||     3
 Stab: Sleeping          |    19 |    15 |    21 |     5 ||    60
       Confused          |       |       |     1 |       ||     1
       Distracted        |       |       |       |     2 ||     2
Armor: Skin              |     1 |       |    48 |    23 ||    72
Dodge: Dodged            |    21 |    47 |   175 |   225 ||   468
